 Dungeon Crawl Stone Soup version 0.32-a0-932-g546787307d (webtiles) character file.

Game seed: 7781669912160580698

50 Gargoyl the Trooper (level 3, -2/36 HPs)
             Began as a Gargoyle Berserker on Apr 14, 2024.
             Was a Follower of Trog.
             Slain by a black bear (5 damage)
             ... on level 2 of the Dungeon.
             The game lasted 00:01:13 (728 turns).

Gargoyl the Trooper (Gargoyle Berserker)             Turns: 728, Time: 00:01:13

Health: -2/36      AC: 21    Str: 20    XL:     3   Next: 79%
Magic:  3/3        EV:  2    Int:  7    God:    Trog [*.....]
Gold:   34         SH:  0    Dex: 11    Spells: 2/2 levels left

rFire   . . .        a - +0 hand axe
rCold   . . .        (no shield)
rNeg    + . .        f - melded +1 ring mail
rPois   ∞            (helmet currently unavailable)
rElec   .            (cloak currently unavailable)
rCorr   .            (gloves currently unavailable)
SInv    .            (boots currently unavailable)
Will    .....        (no amulet)
Stlth   +            (no ring)
HPRegen 0.26/turn    (no ring)
MPRegen 0.08/turn

%: no passive effects
@: tree-form (expiring), on berserk cooldown, slowed, invisible, very slow
A: stationary, stasis, torment immunity, boosted hp, sickness immunity, AC +3,
negative energy resistance 1, (electricity resistance), torment resistance 1,
petrification resistance
a: Renounce Religion, Berserk


You were on level 2 of the Dungeon.
You worshipped Trog.
Trog was aware of your devotion.
You were a tree.
You visited 1 branch of the dungeon, and saw 2 of its levels.

You collected 34 gold pieces.

Inventory:

Hand Weapons
 a - a +0 hand axe (weapon)
Missiles
 c - 11 poisoned darts (quivered)
 h - a throwing net
Armour
 f - a +1 ring mail (melded)
Potions
 b - a potion of lignification


   Skills:
 + Level 4.1 Fighting
 + Level 3.3 Axes
 + Level 2.3 Armour
 + Level 1.9 Dodging


You had 2 spell levels left.
You didn't know any spells.
Your spell library was empty.

Dungeon Overview and Level Annotations

Branches:
Dungeon (2/15)

Altars:


Innate Abilities, Weirdness & Mutations

You are a tree.
Your roots penetrate the ground, keeping you stationary.
You cannot be teleported.
You are immune to unholy pain and torment.
Your maximum health is greatly increased.
Your equipment is partially melded.
You are immune to sickness and miasma.
((Your stone body is resilient. (AC +3)))
You are immune to poison.
You resist negative energy. (rN+)
((You are resistant to electric shocks. (rElec)))
You are resistant to unholy torment.
You are immune to petrification.


Message History

The black bear bites you but does no damage.
The black bear claws you.
* * * LOW HITPOINT WARNING * * *
The black bear claws you but does no damage.
The gnoll barely misses you.
You hit the black bear.
The black bear is severely wounded.
Your transformation is almost over.
The black bear bites you but does no damage.
The black bear claws you but does no damage. x2
Unknown command.
You closely miss the black bear.
The black bear is severely wounded.
The black bear bites you but does no damage.
The black bear barely misses you.
The black bear claws you but does no damage.
The gnoll hits you but does no damage. The black bear bites you.
* * * LOW HITPOINT WARNING * * *
The black bear claws you but does no damage. x2
The gnoll barely misses you.
You hit the black bear.
The black bear is severely wounded.
The black bear bites you.
* * * LOW HITPOINT WARNING * * *
The black bear claws you but does no damage. x2
The black bear bites you but does no damage.
The black bear claws you but does no damage. x2
You barely miss the black bear.
The black bear is severely wounded.
The black bear bites you.
* * * LOW HITPOINT WARNING * * *
The black bear claws you but does no damage. x2
Unknown command.
You hit the black bear.
The black bear is almost dead.
The black bear goes berserk!
The black bear bites you but does no damage.
The black bear claws you but does no damage.
The black bear claws you.
You die...

..g ...h. ########
.#.#.##......##
...............
..=...ggg...... #g#
#g# #h# #♣# #.# #.#
#†# .. #.##########
#..#. #..........#
#..#.#########.#.#.#
#................#
#.............#....#


You could see a black bear (berserk, unable to see you), 3 gnolls, a hobgoblin
(unable to see you) and a goblin (unable to see you).

Vanquished Creatures
  A gnoll bouda (D:2)
  A dart slug (D:1)
  3 giant cockroaches
  3 hobgoblins (D:1)
  2 jackals (D:1)
  2 kobolds (D:1)
  A quokka (D:2)
  A ball python (D:1)
  A frilled lizard (D:1)
  3 rats
18 creatures vanquished.

Notes
Turn   | Place    | Note
-------+----------+-------------------------------------------
     0 | D:1      | Gargoyl the Gargoyle Berserker began the quest for the Orb.
     0 | D:1      | Reached XP level 1. HP: 14/14 MP: 1/1
    80 | D:1      | Found a faded altar of an unknown god.
   152 | D:1      | Reached XP level 2. HP: 18/19 MP: 2/2
   695 | D:2      | Noticed a black bear
   710 | D:2      | Reached skill level 4 in Fighting
   710 | D:2      | Reached XP level 3. HP: 22/24 MP: 3/3
   728 | D:2      | Slain by a black bear

Illustrated notes

Levels and vault maps discovered:
D:1:      dpeg_arrival_tiny_a, layout_loops_ring, basic_ecumenical_altar
D:2:      minmay_angry_zag, layout_basic

Skill      XL: |  1  2 |
---------------+-------+-----
Axes           | 3 |  3.3
Fighting       | 4 |  4.1
Armour         | |  2.3
Dodging        | |  1.9

Action                     || total
---------------------------++-------
  Melee: Hand axe          ||    76
    Use: Potion            ||     4
         Scroll            ||     1
   Stab: Invisible         ||     2
 Armour: Animal skin       ||    20
         Ring mail         ||    24
         Skin              ||    74
  Dodge: Dodged            ||    58

Table legend: (Time is in decaauts)
 A = Elapsed time spent in this place.
 B = Non-inter-level travel time spent in this place.
 C = Inter-level travel time spent in this place.
 D = Time resting spent in this place.
 E = Time spent auto-exploring this place.
 F = Levels seen in this place.
 G = Mean time per level.
                   A        B        C        D        E       F      G
               +--------+--------+--------+--------+--------+-----+--------+
         Total |    744 |    707 |     37 |      0 |    450 |   2 |  372.0 |
       Dungeon |    744 |    707 |     37 |      0 |    450 |   2 |  372.0 |
               +--------+--------+--------+--------+--------+-----+--------+

Top non-repeatable levels by time:
     D:1: 614 daAuts
     D:2: 129 daAuts
